 Dungeon Crawl Stone Soup version 0.16.1-51-g6203257 (webtiles) character file.

216 poirepourri the Skirmisher (level 5, -2/43 HPs)
             Began as a Demonspawn Berserker on Aug 6, 2015.
             Was a Believer of Trog.
             Slain by an ogre
             ... wielding a +0 giant club
              (14 damage)
             ... on level 3 of the Dungeon.
             The game lasted 00:05:23 (1999 turns).

poirepourri the Skirmisher (Demonspawn Berserker)   Turns: 1999, Time: 00:05:24

Health: -2/43      AC: 10    Str: 17    XL:     5   Next: 61%
Magic:  5/5        EV: 10    Int:  9    God:    Trog [**....]
Gold:   178        SH:  0    Dex: 13    Spells: 0 memorised, 4 levels left

rFire  . . .     SeeInvis .     a - +0 hand axe
rCold  . . .     Clarity  .     e - +0 scale mail
rNeg   . . .     SustAb   .     (no shield)
rPois  +         Gourm    .     f - +0 helmet
rElec  .         Spirit   .     (no cloak)
rCorr  .         Warding  .     (no gloves)
rMut   .         Stasis   .     (no boots)
MR     ++...                    (no amulet)
Stlth  ..........               i - ring of poison resistance
                                d - +1 ring of evasion

@: regenerating, very resistant to hostile enchantments, extremely unstealthy
A: icy blue scales 2, rot immunity
a: Burn Spellbooks, Berserk, Trog's Hand, Renounce Religion


You were on level 3 of the Dungeon.
You worshipped Trog.
Trog was pleased with you.
You were not hungry.

You visited 1 branch of the dungeon, and saw 3 of its levels.

You collected 178 gold pieces.

Inventory:

Hand weapons
 a - a +0 hand axe (weapon)
Armour
 b - a +1 animal skin
 e - a +0 scale mail (worn)
 f - a +0 helmet (worn)
Jewellery
 d - a +1 ring of evasion (left hand)
 i - a ring of poison resistance (right hand)
 l - an uncursed ring of loudness
Scrolls
 j - a scroll of random uselessness
Potions
 g - 2 potions of curing
 h - a potion of brilliance
Comestibles
 c - a bread ration


   Skills:
 * Level 4.5 Fighting
 + Level 3.5 Axes
 + Level 2.4 Armour
 + Level 3.1 Dodging
 + Level 0.6 Stealth


You had 4 spell levels left.
You didn't know any spells.

Dungeon Overview and Level Annotations

Branches:
Dungeon (3/15)

Altars:


Innate Abilities, Weirdness & Mutations

You are mostly covered in icy blue scales (AC +3, EV -1).
You are immune to rotting.


Message History

An ogre is nearby!
An ogre is nearby!
An ogre is nearby!
The ogre hits you with a giant club!!
Ouch! That really hurt!
You see here 16 gold pieces.
You now have 178 gold pieces (gained 16).
The ogre misses you. The ogre barely misses you.
You barely miss the ogre.
Your scale mail prevents you from hitting the ogre.
The ogre hits you but does no damage.
You hit the ogre but do no damage. The ogre hits you with a giant club!
* * * LOW HITPOINT WARNING * * *
A quokka comes into view.
Use which ability? (? or * to list)
Your skin crawls.
You feel resistant to hostile enchantments.
You feel slightly more hungry. The ogre hits you with a giant club!
You die...

........(###..#...
#...................
####....##.......r.
...................
###.###...#.......#
###.# #.#.........#
##..###...#.#.....#
..................#
.............#.O@####
....##..)..#####....##
#####..#.#....#......#
# #.#..####.#......#
#####....####....(...#
...........<.........#
...>....########....##
#.....##########.####
##..#.........#..#


You could see an ogre and a quokka.

Vanquished Creatures
  The ghost of Sinop the Archer, an average CeHu (D:3)
  4 adders
  A worm (D:2)
  A giant gecko (D:2)
  2 ball pythons
  2 giant cockroaches (D:1)
  7 hobgoblins
  3 jackals (D:3)
  6 bats
  6 giant newts
  5 goblins
  5 kobolds
  7 rats
50 creatures vanquished.

Notes
Turn   | Place    | Note
--------------------------------------------------------------
     0 | D:1      | poirepourri, the Demonspawn Berserker, began the quest for the Orb.
     0 | D:1      | Reached XP level 1. HP: 18/18 MP: 1/1
   365 | D:1      | Gained mutation: You are partially covered in icy blue scales (AC +1). [demonic ancestry]
   365 | D:1      | Reached XP level 2. HP: 14/24 MP: 2/2
  1156 | D:2      | Gained mutation: You are immune to rotting. [demonic ancestry]
  1156 | D:2      | Reached XP level 3. HP: 22/29 MP: 3/3
  1158 | D:2      | Acquired Trog's second power
  1620 | D:2      | Reached XP level 4. HP: 37/37 MP: 4/4
  1847 | D:3      | Noticed Sinop's ghost (average CeHu)
  1863 | D:3      | Killed Sinop's ghost
  1863 | D:3      | Reached skill level 4 in Fighting
  1863 | D:3      | Gained mutation: You are mostly covered in icy blue scales (AC +3, EV -1). [demonic ancestry]
  1863 | D:3      | Reached XP level 5. HP: 43/43 MP: 5/5
  1993 | D:3      | Noticed an ogre
  1999 | D:3      | Slain by an ogre

Action                   |  1- 3 |  4- 6 || total
-------------------------+-------+-------++-------
Melee: Hand axe          |   141 |    38 ||   179
Invok: Trog's Hand       |     1 |     2 ||     3
       Berserk           |       |     1 ||     1
       Burn Spellbooks   |       |     1 ||     1
  Use: Potion            |     5 |     1 ||     6
       Scroll            |     4 |     2 ||     6
  Eat: Bread ration      |     1 |       ||     1
       Beef jerky        |       |     1 ||     1
